[Event "22nd Trieste Masters Open 2020"]
[Site "Trieste"]
[Date "2020.08.31"]
[Round "1.2"]
[White "Cappelletto, Joshuaede"]
[Black "Bosiocic, Marin"]
[Result "0-1"]
[ECO "B90"]
[WhiteElo "2092"]
[BlackElo "2606"]
[Annotator "ChessBase"]
[PlyCount "70"]
[EventDate "2020.08.31"]
[EventType "swiss"]
[EventCountry "ITA"]
[SourceTitle "playchess.com"]
[Source "ChessBase"]
[SourceQuality "1"]
[TimeControl "5400+30"]

1. e4 c5 2. Nf3 d6 3. d4 cxd4 4. Nxd4 Nf6 5. Nc3 a6 6. Be3 e5 7. Nb3 Be6 8. f3 h5 9. Qd2 Nbd7 10. O-O-O Rc8 11. Nd5 Bxd5 12. exd5 Nb6 13. Bxb6 Qxb6 14. Kb1 g6 15. g3 Bh6 16. Qe1 O-O 17. h4 Rc7 18. Rh2 Qe3 19. Re2 Qb6 20. Rg2 Re8 21. Re2 e4 22. fxe4 Ng4 23. Bh3 Ne3 24. Rd4 Nc4 25. c3 Bg7 26. Rd1 a5 27. Qg1 Qb5 28. Ka1 a4 29. Nd4 Qa5 30. Rc1 Qb6 31. Nf3 Rc5 32. Bd7 Rxe4 33. Rf2 Re3 34. Nd4 a3 35. b3 Rxc3 0-1

[Event "22nd Trieste Masters Open 2020"]
[Site "Trieste"]
[Date "2020.08.31"]
[Round "1.3"]
[White "Brunello, Sabino"]
[Black "Regondi, Lorenzo"]
[Result "1-0"]
[ECO "E06"]
[WhiteElo "2532"]
[BlackElo "2066"]
[Annotator "ChessBase"]
[PlyCount "129"]
[EventDate "2020.08.31"]
[EventType "swiss"]
[EventCountry "ITA"]
[SourceTitle "playchess.com"]
[Source "ChessBase"]
[SourceQuality "1"]
[TimeControl "5400+30"]

1. Nf3 d5 2. c4 e6 3. g3 Nf6 4. Bg2 Be7 5. O-O O-O 6. Qc2 c5 7. d4 cxd4 8. Nxd4 Bd7 9. cxd5 exd5 10. Nc3 Nc6 11. Nf5 Be6 12. Bg5 h6 13. Bh4 Bxf5 14. Qxf5 g5 15. Bxg5 hxg5 16. Qxg5+ Kh8 17. Nxd5 Nxd5 18. Qh5+ Kg7 19. Rad1 Qd6 20. Rxd5 Qg6 21. Qxg6+ Kxg6 22. Rd7 Bf6 23. Rxb7 Nd4 24. Be4+ Kg7 25. e3 Ne6 26. b4 Rfb8 27. Rd7 Rd8 28. Rfd1 Rab8 29. Bf5 Nf8 30. Rxd8 Bxd8 31. Rd5 Kf6 32. Bc2 Ke7 33. b5 Ne6 34. Bb3 Rc8 35. Rf5 Bb6 36. h4 Rg8 37. Kg2 Rg7 38. Kf3 Nc5 39. Bc2 Ke6 40. Rg5 Rxg5 41. hxg5 Nd7 42. Kg4 Ne5+ 43. Kh5 Ke7 44. a4 Ba5 45. f4 Nc4 46. e4 Be1 47. g4 Bd2 48. f5 Ne5 49. Bb3 Kf8 50. Kh6 f6 51. a5 Bxg5+ 52. Kh5 Kg7 53. Bc2 Nc4 54. b6 Ne3 55. b7 Ng2 56. b8=Q Nf4+ 57. Qxf4 Bxf4 58. a6 Kh7 59. g5 fxg5 60. f6 Be5 61. Kxg5 Kg8 62. Kf5 Bc7 63. e5 Kf8 64. e6 Bd8 65. Ba4 1-0

[Event "22nd Trieste Masters Open 2020"]
[Site "Trieste"]
[Date "2020.08.31"]
[Round "1.4"]
[White "Raccanello, Marianna"]
[Black "Moroni, Luca Jr"]
[Result "0-1"]
[ECO "C54"]
[WhiteElo "2056"]
[BlackElo "2530"]
[Annotator "ChessBase"]
[PlyCount "62"]
[EventDate "2020.08.31"]
[EventType "swiss"]
[EventCountry "ITA"]
[SourceTitle "playchess.com"]
[Source "ChessBase"]
[SourceQuality "1"]
[TimeControl "5400+30"]

1. e4 e5 2. Nf3 Nc6 3. Bc4 Bc5 4. c3 Nf6 5. d3 d6 6. Bg5 h6 7. Bh4 a6 8. Nbd2 Ba7 9. a4 Qe7 10. a5 g5 11. Bg3 Nh5 12. Qe2 Nf4 13. Bxf4 exf4 14. h3 Bd7 15. d4 O-O-O 16. O-O-O Rde8 17. Rhe1 h5 18. Nh2 Qf8 19. f3 f5 20. Qf1 fxe4 21. Nxe4 Qf5 22. d5 Ne5 23. Bb3 g4 24. fxg4 hxg4 25. hxg4 Qg6 26. Qxf4 Ref8 27. Qg3 Qh6+ 28. g5 Qxh2 29. Qxh2 Rxh2 30. g3 Bg4 31. Rh1 Bxd1 0-1

[Event "22nd Trieste Masters Open 2020"]
[Site "Trieste"]
[Date "2020.08.31"]
[Round "1.5"]
[White "Jovanic, Ognjen"]
[Black "Solmajer, Luka"]
[Result "1-0"]
[ECO "D45"]
[WhiteElo "2526"]
[BlackElo "2054"]
[Annotator "ChessBase"]
[PlyCount "135"]
[EventDate "2020.08.31"]
[EventType "swiss"]
[EventCountry "ITA"]
[SourceTitle "playchess.com"]
[Source "ChessBase"]
[SourceQuality "1"]
[TimeControl "5400+30"]

1. d4 d5 2. c4 c6 3. e3 Nf6 4. Nc3 e6 5. Nf3 Nbd7 6. Qc2 Bd6 7. b3 O-O 8. Be2 b6 9. O-O Bb7 10. Bb2 Rc8 11. Rad1 c5 12. cxd5 exd5 13. dxc5 bxc5 14. Rfe1 Qe7 15. g3 Rfd8 16. Qb1 Ne5 17. Nb5 Nxf3+ 18. Bxf3 Bb8 19. Bg2 a6 20. Nc3 Be5 21. Na4 Ne4 22. Nb6 Rb8 23. Bxe5 Qxe5 24. Bxe4 dxe4 25. Nd7 Rxd7 26. Rxd7 Bc6 27. Rd2 Bb5 28. Red1 Bd3 29. Rxd3 exd3 30. Qxd3 a5 31. Qd8+ Qe8 32. Qxa5 Rc8 33. Rd5 Qe7 34. Qa6 Qc7 35. Qd6 Qxd6 36. Rxd6 Kf8 37. Rd7 c4 38. bxc4 Rxc4 39. Rd4 Rc3 40. a4 Ra3 41. g4 g5 42. h3 Ke7 43. Rd5 h6 44. a5 Ra4 45. Kg2 Ke6 46. Rf5 Rb4 47. Kg3 f6 48. Rc5 Ra4 49. Rc7 h5 50. gxh5 Rxa5 51. f3 Ra4 52. Rc6+ Kf7 53. e4 Ra1 54. Rc7+ Ke6 55. h6 Rg1+ 56. Kf2 Ra1 57. h7 Ra8 58. Rg7 Rh8 59. h4 gxh4 60. f4 f5 61. e5 Kd5 62. Kf3 h3 63. Kg3 Ke4 64. e6 h2 65. Kxh2 Kxf4 66. e7 Kf3 67. Rg3+ Kf2 68. e8=Q 1-0

[Event "22nd Trieste Masters Open 2020"]
[Site "Trieste"]
[Date "2020.08.31"]
[Round "2.2"]
[White "Bosiocic, Marin"]
[Black "Maerevoet, Sim"]
[Result "1-0"]
[ECO "E62"]
[WhiteElo "2606"]
[BlackElo "2379"]
[Annotator "ChessBase"]
[PlyCount "99"]
[EventDate "2020.08.31"]
[EventType "swiss"]
[EventCountry "ITA"]
[SourceTitle "playchess.com"]
[Source "ChessBase"]
[SourceQuality "1"]
[TimeControl "5400+30"]

1. c4 Nf6 2. Nc3 e5 3. Nf3 Nc6 4. e3 g6 5. d4 d6 6. g3 Bg7 7. Bg2 O-O 8. O-O Bf5 9. h3 h5 10. b3 Re8 11. Bb2 e4 12. Nh4 Bd7 13. f4 Nb4 14. Ba3 a5 15. Qd2 Ra6 16. Kh2 c6 17. Rad1 Qc7 18. Rc1 Qb8 19. Rg1 b5 20. Rb1 d5 21. c5 Nd3 22. Bb2 Qc8 23. Ba1 Nh7 24. Qe2 Bf6 25. Bf1 Kh8 26. Rd1 Bxh4 27. gxh4 Qd8 28. a4 bxa4 29. Nxe4 Rxe4 30. Rxd3 Qxh4 31. Bc3 Ra8 32. bxa4 Bf5 33. Be1 Qd8 34. Rb3 Re8 35. Qb2 Nf8 36. Bd2 Nd7 37. Rb7 Qh4 38. Bg2 Reb8 39. e4 Rxb7 40. Qb4 Rb6 41. Qxb6 Rb8 42. Qxc6 dxe4 43. Be1 Qe7 44. Qc7 Qe8 45. c6 Nb6 46. Qd6 Rc8 47. d5 Kh7 48. Bc3 Nxd5 49. Qxd5 Qxc6 50. Qxf7+ 1-0

[Event "22nd Trieste Masters Open 2020"]
[Site "Trieste"]
[Date "2020.08.31"]
[Round "2.3"]
[White "Mazi, Leon"]
[Black "Brunello, Sabino"]
[Result "0-1"]
[ECO "B97"]
[WhiteElo "2354"]
[BlackElo "2532"]
[Annotator "ChessBase"]
[PlyCount "78"]
[EventDate "2020.08.31"]
[EventType "swiss"]
[EventCountry "ITA"]
[SourceTitle "playchess.com"]
[Source "ChessBase"]
[SourceQuality "1"]
[TimeControl "5400+30"]

1. e4 c5 2. Nf3 d6 3. d4 cxd4 4. Nxd4 Nf6 5. Nc3 a6 6. Bg5 e6 7. f4 Qb6 8. Nb3 Nbd7 9. Qe2 Qc7 10. O-O-O Be7 11. Kb1 b5 12. a3 Rb8 13. e5 dxe5 14. fxe5 Qxe5 15. Qd2 b4 16. axb4 Rxb4 17. Bd3 Rg4 18. h4 Bb7 19. Bf1 Qc7 20. Rh3 h6 21. Be3 O-O 22. g3 Rd8 23. Bd3 Ne5 24. Bf4 Nh5 25. Bxe5 Qxe5 26. Qf2 Rxg3 27. Rf1 Bf6 28. Rxg3 Qxg3 29. Qb6 Rxd3 30. Qxb7 Rxc3 31. Qa8+ Kh7 32. Qe4+ g6 33. bxc3 Qxc3 34. Rxf6 Nxf6 35. Qb7 Kg7 36. Qxa6 Nd5 37. Qa7 Qe1+ 38. Kb2 Qxh4 39. Nd4 Qe7 0-1

[Event "22nd Trieste Masters Open 2020"]
[Site "Trieste"]
[Date "2020.08.31"]
[Round "2.4"]
[White "Moroni, Luca Jr"]
[Black "Brunello, Marina"]
[Result "1-0"]
[ECO "D43"]
[WhiteElo "2530"]
[BlackElo "2368"]
[Annotator "ChessBase"]
[PlyCount "79"]
[EventDate "2020.08.31"]
[EventType "swiss"]
[EventCountry "ITA"]
[SourceTitle "playchess.com"]
[Source "ChessBase"]
[SourceQuality "1"]
[TimeControl "5400+30"]

1. d4 d5 2. c4 c6 3. Nf3 Nf6 4. Nc3 e6 5. Bg5 h6 6. Bh4 dxc4 7. e4 g5 8. Bg3 b5 9. Be2 Bb7 10. Qc2 Nbd7 11. Rd1 Qb6 12. Ne5 Bg7 13. h4 Nxe5 14. Bxe5 O-O-O 15. b3 cxb3 16. Qxb3 Rhg8 17. Nxb5 Qa5+ 18. Qc3 Qxc3+ 19. Nxc3 Nd7 20. Bd6 Bf8 21. Bxf8 Rgxf8 22. hxg5 hxg5 23. Rh5 f6 24. Bc4 Rfe8 25. Rh6 e5 26. d5 Rh8 27. Rxh8 Rxh8 28. dxc6 Bxc6 29. Rd6 Kc7 30. Re6 Rh1+ 31. Ke2 Rh4 32. g3 Rh6 33. Bd5 Bxd5 34. Nxd5+ Kb7 35. Rd6 Nc5 36. Rxf6 Rh1 37. Rf5 Rb1 38. Rxe5 Rb2+ 39. Ke3 g4 40. Nc3 1-0

[Event "22nd Trieste Masters Open 2020"]
[Site "Trieste"]
[Date "2020.08.31"]
[Round "2.5"]
[White "Lumachi, Gabriele"]
[Black "Jovanic, Ognjen"]
[Result "0-1"]
[ECO "E20"]
[WhiteElo "2327"]
[BlackElo "2526"]
[Annotator "ChessBase"]
[PlyCount "57"]
[EventDate "2020.08.31"]
[EventType "swiss"]
[EventCountry "ITA"]
[SourceTitle "playchess.com"]
[Source "ChessBase"]
[SourceQuality "1"]
[TimeControl "5400+30"]

1. d4 Nf6 2. c4 e6 3. Nc3 Bb4 4. g3 c5 5. Nf3 b6 6. Bg2 Bb7 7. O-O Bxc3 8. bxc3 d6 9. dxc5 dxc5 10. Qxd8+ Kxd8 11. Rd1+ Ke7 12. Bf4 Rc8 13. Rab1 Nbd7 14. Ne5 Bxg2 15. Kxg2 Nxe5 16. Bxe5 Ne8 17. g4 f6 18. Bg3 Rd8 19. a4 e5 20. Rd4 Rd7 21. Rxd7+ Ke6 22. Kf3 Nd6 23. Rd8 Ke7 24. Rg8 Nb5 25. e4 g5 26. Bxe5 Nd6 27. Bxd6+ Kxd6 28. Rxb6+ Ke5 29. Rg6 0-1

[Event "22nd Trieste Masters Open 2020"]
[Site "Trieste"]
[Date "2020.08.31"]
[Round "3.2"]
[White "Jovanic, Ognjen"]
[Black "Bosiocic, Marin"]
[Result "0-1"]
[ECO "A46"]
[WhiteElo "2526"]
[BlackElo "2606"]
[Annotator "ChessBase"]
[PlyCount "108"]
[EventDate "2020.08.31"]
[EventType "swiss"]
[EventCountry "ITA"]
[SourceTitle "playchess.com"]
[Source "ChessBase"]
[SourceQuality "1"]
[TimeControl "5400+30"]

1. d4 Nf6 2. c3 c5 3. Nf3 e6 4. a3 Nc6 5. Bf4 Qb6 6. Ra2 cxd4 7. cxd4 Ne4 8. Nbd2 Nxd2 9. Qxd2 Be7 10. e3 f6 11. h4 a5 12. Ra1 a4 13. Rc1 d6 14. e4 Na5 15. Rc3 Nb3 16. Qc2 Bd7 17. Be3 Qa5 18. Nd2 Nxd2 19. Bxd2 Qb6 20. Be3 O-O 21. Bc4 Qd8 22. h5 Kh8 23. d5 e5 24. Bd3 Qe8 25. f3 Bd8 26. Ke2 Ba5 27. Rc4 Bb5 28. h6 g5 29. Rc1 Bxc4 30. Qxc4 Rc8 31. Qb5 Qxb5 32. Bxb5 Rxc1 33. Bxc1 Rc8 34. Kd1 Rg8 35. Bxa4 Rg6 36. Bd7 Rxh6 37. Bh3 Bb6 38. Bd2 Kg7 39. a4 Kf8 40. a5 Bd4 41. b4 b5 42. Ke2 Ke7 43. Be1 Kd8 44. Bf2 Bxf2 45. Kxf2 Kc7 46. Kg3 Rh4 47. Kh2 f5 48. g3 Rh6 49. exf5 e4 50. f6 Rxf6 51. fxe4 Rf2+ 52. Bg2 Rb2 53. e5 dxe5 54. a6 Ra2 0-1

[Event "22nd Trieste Masters Open 2020"]
[Site "Trieste"]
[Date "2020.08.31"]
[Round "3.3"]
[White "Brunello, Sabino"]
[Black "Sepehrkhoui, Ardeshir"]
[Result "1/2-1/2"]
[ECO "E16"]
[WhiteElo "2532"]
[BlackElo "2237"]
[Annotator "ChessBase"]
[PlyCount "149"]
[EventDate "2020.08.31"]
[EventType "swiss"]
[EventCountry "ITA"]
[SourceTitle "playchess.com"]
[Source "ChessBase"]
[SourceQuality "1"]
[TimeControl "5400+30"]

1. d4 Nf6 2. c4 e6 3. Nf3 Bb4+ 4. Bd2 a5 5. g3 b6 6. Bg2 Bb7 7. O-O Bxd2 8. Nbxd2 O-O 9. Qc2 d6 10. e4 Nc6 11. Rad1 Qe7 12. Rfe1 e5 13. Nf1 Rfe8 14. d5 Nb4 15. Qb1 Na6 16. Ne3 Bc8 17. b3 Nc5 18. Nd2 Bd7 19. Rc1 Reb8 20. a3 b5 21. cxb5 Bxb5 22. Rc3 c6 23. dxc6 Bxc6 24. Nf5 Qd7 25. Qc2 Nfxe4 26. Nxe4 Qxf5 27. Nxd6 Qxc2 28. Rxc2 Bxg2 29. Kxg2 Nd3 30. Re3 Rxb3 31. Rd2 Nc5 32. Rxe5 Ne6 33. Nc4 a4 34. Rd7 g6 35. Re2 Rc3 36. Ne5 Rc7 37. Re4 Rxd7 38. Nxd7 Ra6 39. Rc4 Kg7 40. Ne5 Ra7 41. Kf3 Nc7 42. Nc6 Ra8 43. Nd4 Ne6 44. Nxe6+ fxe6 45. Ke4 Kf6 46. h4 h5 47. f3 Ra5 48. g4 g5 49. hxg5+ Rxg5 50. gxh5 Re5+ 51. Kd3 Rf5 52. Ke3 Rxh5 53. Rxa4 Re5+ 54. Re4 Rd5 55. Rd4 Ra5 56. a4 e5 57. Rc4 Kf5 58. Kd3 Rd5+ 59. Kc2 Ke6 60. Kb3 Kd6 61. Kb4 Rd3 62. Rc3 Rd4+ 63. Kb5 e4 64. fxe4 Rxe4 65. a5 Re1 66. a6 Rb1+ 67. Ka5 Ra1+ 68. Kb6 Rb1+ 69. Ka7 Kd7 70. Ka8 Rb2 71. a7 Rb1 72. Rc2 Rb3 73. Rh2 Kc7 74. Rh8 Rb1 75. Rh7+ 1/2-1/2

[Event "22nd Trieste Masters Open 2020"]
[Site "Trieste"]
[Date "2020.08.31"]
[Round "3.4"]
[White "Samuelli, Daniele"]
[Black "Moroni, Luca Jr"]
[Result "0-1"]
[ECO "A47"]
[WhiteElo "1946"]
[BlackElo "2530"]
[Annotator "ChessBase"]
[PlyCount "54"]
[EventDate "2020.08.31"]
[EventType "swiss"]
[EventCountry "ITA"]
[SourceTitle "playchess.com"]
[Source "ChessBase"]
[SourceQuality "1"]
[TimeControl "5400+30"]

1. Nf3 d5 2. d4 e6 3. e3 Nf6 4. Be2 Bd6 5. b3 O-O 6. O-O b6 7. Bb2 Bb7 8. Ne5 c5 9. dxc5 bxc5 10. c4 Ne4 11. cxd5 exd5 12. Nd2 Nxd2 13. Qxd2 Qe7 14. Qc3 f6 15. Nf3 Nd7 16. Rfe1 Ne5 17. Nh4 f5 18. Nf3 Ng4 19. Bd3 Qd7 20. Qc2 d4 21. Bc4+ Kh8 22. exd4 Bxf3 23. gxf3 Nxh2 24. Kh1 Nxf3 25. Be6 Qd8 26. dxc5 Qh4+ 27. Kg2 Qg4+ 0-1

[Event "22nd Trieste Masters Open 2020"]
[Site "Trieste"]
[Date "2020.08.31"]
[Round "3.5"]
[White "Candian, Lorenzo"]
[Black "Gilevych, Artem"]
[Result "0-1"]
[ECO "B00"]
[WhiteElo "1885"]
[BlackElo "2419"]
[Annotator "ChessBase"]
[PlyCount "120"]
[EventDate "2020.08.31"]
[EventType "swiss"]
[EventCountry "ITA"]
[SourceTitle "playchess.com"]
[Source "ChessBase"]
[SourceQuality "1"]
[TimeControl "5400+30"]

1. e4 Nc6 2. Nf3 d6 3. d4 Nf6 4. Nc3 Bg4 5. Bb5 a6 6. Bxc6+ bxc6 7. O-O e6 8. Re1 Be7 9. Bf4 O-O 10. h3 Bh5 11. Qd3 Nd7 12. Rad1 c5 13. d5 Bxf3 14. Qxf3 Bf6 15. Qg4 Qe7 16. Bg3 Bxc3 17. bxc3 e5 18. Bh4 f6 19. c4 Nb6 20. Qe2 Qd7 21. c3 Qa4 22. Rb1 Qxc4 23. Qxc4 Nxc4 24. Rb7 Rf7 25. f3 Na5 26. Rb2 Kf8 27. Reb1 Ke7 28. Be1 Kd7 29. Kf2 Nc4 30. Rb3 f5 31. Ke2 fxe4 32. fxe4 Nb6 33. R3b2 Rf4 34. Kd3 Na4 35. Re2 c4+ 36. Kxc4 Nc5 37. Bd2 Rxe4+ 38. Rxe4 Nxe4 39. Be3 Nf6 40. Rb2 Kc8 41. Bg5 Rb8 42. Rf2 Ne4 43. Rf8+ Kb7 44. Rxb8+ Kxb8 45. Be3 Nf6 46. Bf2 h5 47. a4 Kc8 48. Be3 Kd7 49. Bf2 Ke8 50. Be3 Kd7 51. Bf2 c6 52. dxc6+ Kxc6 53. Be3 Nd5 54. Bd2 Nb6+ 55. Kb4 Kd5 56. Be3 Nc4 57. Bf2 e4 58. Kb3 e3 59. Be1 e2 60. g3 Ne3 0-1

[Event "22nd Trieste Masters Open 2020"]
[Site "Trieste"]
[Date "2020.08.31"]
[Round "4.1"]
[White "Bosiocic, Marin"]
[Black "Moroni, Luca Jr"]
[Result "1/2-1/2"]
[ECO "C78"]
[WhiteElo "2606"]
[BlackElo "2530"]
[Annotator "ChessBase"]
[PlyCount "55"]
[EventDate "2020.08.31"]
[EventType "swiss"]
[EventCountry "ITA"]
[SourceTitle "playchess.com"]
[Source "ChessBase"]
[SourceQuality "1"]
[TimeControl "5400+30"]

1. e4 e5 2. Nf3 Nc6 3. Bb5 a6 4. Ba4 Nf6 5. O-O b5 6. Bb3 Bc5 7. c3 d6 8. d4 Bb6 9. a4 Rb8 10. a5 Ba7 11. h3 O-O 12. Be3 exd4 13. cxd4 Nb4 14. Nc3 Bb7 15. Re1 Nxe4 16. Nxe4 Bxe4 17. Bd2 Bxf3 18. Qxf3 c5 19. Qg3 Kh8 20. Bc3 f6 21. Re6 Nc6 22. Rxd6 Qc7 23. d5 c4 24. dxc6 Bc5 25. Rad1 Bxd6 26. Rxd6 cxb3 27. Be5 fxe5 28. Rd7 1/2-1/2

[Event "22nd Trieste Masters Open 2020"]
[Site "Trieste"]
[Date "2020.08.31"]
[Round "4.3"]
[White "Korneev, Oleg"]
[Black "Brunello, Sabino"]
[Result "1/2-1/2"]
[ECO "D02"]
[WhiteElo "2517"]
[BlackElo "2532"]
[Annotator "ChessBase"]
[PlyCount "22"]
[EventDate "2020.08.31"]
[EventType "swiss"]
[EventCountry "ITA"]
[SourceTitle "playchess.com"]
[Source "ChessBase"]
[SourceQuality "1"]
[TimeControl "5400+30"]

1. d4 d5 2. Nf3 Nf6 3. Bf4 c5 4. e3 Nc6 5. Nbd2 Nh5 6. Be5 e6 7. h3 cxd4 8. exd4 Bd6 9. Bb5 O-O 10. Bxd6 Qxd6 11. O-O Nf4 1/2-1/2

[Event "22nd Trieste Masters Open 2020"]
[Site "Trieste"]
[Date "2020.08.31"]
[Round "4.4"]
[White "Mazi, Leon"]
[Black "Jovanic, Ognjen"]
[Result "1/2-1/2"]
[ECO "C42"]
[WhiteElo "2354"]
[BlackElo "2526"]
[Annotator "ChessBase"]
[PlyCount "96"]
[EventDate "2020.08.31"]
[EventType "swiss"]
[EventCountry "ITA"]
[SourceTitle "playchess.com"]
[Source "ChessBase"]
[SourceQuality "1"]
[TimeControl "5400+30"]

1. e4 e5 2. Nf3 Nf6 3. Nxe5 d6 4. Nf3 Nxe4 5. Qe2 Qe7 6. d3 Nf6 7. Bg5 Qxe2+ 8. Bxe2 Nbd7 9. Nc3 h6 10. Bd2 c6 11. O-O-O d5 12. Rde1 Nc5 13. Bd1+ Ne6 14. Ne5 Nd7 15. f4 Nxe5 16. Rxe5 Bd6 17. Ree1 Kf8 18. Rhf1 Bd7 19. Ne2 Re8 20. g3 h5 21. Ng1 Nc7 22. Bc3 Rxe1 23. Rxe1 f6 24. Nf3 Kf7 25. Nh4 g6 26. Bd2 Bg4 27. c3 Bxd1 28. Kxd1 Re8 29. Be3 c5 30. Kd2 b6 31. Rf1 f5 32. Nf3 Ne6 33. a4 Kf6 34. Re1 Re7 35. Kc2 Nd8 36. Bd2 Rxe1 37. Bxe1 Nc6 38. c4 d4 39. Bd2 Be7 40. h4 Ke6 41. Kb3 a5 42. Kc2 Bd8 43. Kd1 Be7 44. Ke2 Bd8 45. Kf2 Bf6 46. Ke2 Bd8 47. Kf2 Bf6 48. Ke2 Bd8 1/2-1/2

[Event "22nd Trieste Masters Open 2020"]
[Site "Trieste"]
[Date "2020.09.01"]
[Round "5.2"]
[White "Moroni, Luca Jr"]
[Black "Brunello, Sabino"]
[Result "1/2-1/2"]
[ECO "D52"]
[WhiteElo "2530"]
[BlackElo "2532"]
[Annotator "RC"]
[PlyCount "64"]
[EventDate "2020.08.31"]
[EventType "swiss"]
[EventCountry "ITA"]
[SourceTitle "playchess.com"]
[Source "ChessBase"]
[SourceQuality "1"]
[TimeControl "5400+30"]

1. d4 d5 2. c4 c6 3. Nf3 Nf6 4. Nc3 e6 5. Bg5 Nbd7 6. e3 Qa5 7. Nd2 dxc4 8. Bxf6 Nxf6 9. Nxc4 Qc7 10. g3 b5 11. Nd2 Bb7 12. Bg2 a6 13. O-O c5 14. dxc5 Bxg2 15. Kxg2 Qb7+ 16. Qf3 Qxf3+ 17. Kxf3 Bxc5 18. a4 bxa4 19. Rxa4 O-O 20. Rfa1 Rab8 21. R1a2 Bb4 22. Rxa6 Rfc8 23. Nde4 Nd7 24. Kg2 Ne5 25. Ne2 Bf8 26. Nd4 Nd3 27. Ra7 h6 28. b3 Nc5 29. Nd2 Nd3 30. Ne4 Nc5 31. Nxc5 Bxc5 32. Rd7 Bxd4 1/2-1/2

[Event "22nd Trieste Masters Open 2020"]
[Site "Trieste"]
[Date "2020.09.01"]
[Round "5.5"]
[White "Jovanic, Ognjen"]
[Black "Sepehrkhoui, Ardeshir"]
[Result "1-0"]
[ECO "E11"]
[WhiteElo "2526"]
[BlackElo "2237"]
[Annotator "RC"]
[PlyCount "89"]
[EventDate "2020.08.31"]
[EventType "swiss"]
[EventCountry "ITA"]
[SourceTitle "playchess.com"]
[Source "ChessBase"]
[SourceQuality "1"]
[TimeControl "5400+30"]

1. d4 Nf6 2. c4 e6 3. Nf3 Bb4+ 4. Bd2 a5 5. a3 Bxd2+ 6. Qxd2 d6 7. Nc3 Nbd7 8. e4 e5 9. Be2 O-O 10. O-O exd4 11. Nxd4 Nc5 12. f3 a4 13. Rad1 Re8 14. Rfe1 h6 15. Bf1 Bd7 16. Qf2 Qe7 17. Nc2 Nb3 18. Nb4 Be6 19. Nbd5 Bxd5 20. cxd5 c6 21. Bc4 Nc5 22. Re2 Red8 23. Red2 Qe5 24. Rd4 Ne8 25. Ba2 Ra5 26. Qc2 Rda8 27. Rb4 Nc7 28. Qd2 Ne8 29. Qf2 Nc7 30. Rd2 R5a7 31. f4 Qf6 32. dxc6 bxc6 33. Rb6 Nb5 34. e5 Qd8 35. Nxb5 Qxb6 36. Nxa7 Qxa7 37. Rxd6 Qa5 38. Qd2 Qb6 39. Qd4 Rb8 40. h3 Qa5 41. Kh2 Nb3 42. Bxb3 Rxb3 43. Rd8+ Kh7 44. Qe4+ g6 45. Rd7 1-0

[Event "22nd Trieste Masters Open 2020"]
[Site "Trieste"]
[Date "2020.09.02"]
[Round "6.3"]
[White "Brunello, Sabino"]
[Black "Brunello, Marina"]
[Result "1-0"]
[ECO "B91"]
[WhiteElo "2532"]
[BlackElo "2368"]
[Annotator "RC"]
[PlyCount "59"]
[EventDate "2020.08.31"]
[EventType "swiss"]
[EventCountry "ITA"]
[SourceTitle "playchess.com"]
[Source "ChessBase"]
[SourceQuality "1"]
[TimeControl "5400+30"]

1. e4 c5 2. Nc3 a6 3. Nge2 d6 4. g3 g6 5. Bg2 Bg7 6. d4 cxd4 7. Nxd4 Nf6 8. O-O O-O 9. a4 e5 10. Nde2 Be6 11. b3 Qc7 12. Ba3 Rd8 13. Qd2 Nc6 14. Nd5 Bxd5 15. exd5 Ne7 16. a5 b5 17. axb6 Qxb6 18. Nc3 Nf5 19. Na4 Qb5 20. Rab1 Nd4 21. Qd1 Rab8 22. c4 Qd7 23. Bc1 Qxa4 24. bxa4 Rxb1 25. Qd3 Rb3 26. Qd2 Rc8 27. Qa5 Rxc4 28. Qd8+ Bf8 29. Bg5 Rbc3 30. Bxf6 1-0

[Event "22nd Trieste Masters Open 2020"]
[Site "Trieste"]
[Date "2020.09.02"]
[Round "6.4"]
[White "Podetti, Davide"]
[Black "Jovanic, Ognjen"]
[Result "1/2-1/2"]
[ECO "B30"]
[WhiteElo "2173"]
[BlackElo "2526"]
[Annotator "RC"]
[PlyCount "148"]
[EventDate "2020.08.31"]
[EventType "swiss"]
[EventCountry "ITA"]
[SourceTitle "playchess.com"]
[Source "ChessBase"]
[SourceQuality "1"]
[TimeControl "5400+30"]

1. e4 c5 2. Nf3 Nc6 3. Bb5 Nf6 4. e5 Nd5 5. O-O Nc7 6. Bxc6 dxc6 7. h3 Bf5 8. d3 e6 9. Bg5 Qd7 10. Nbd2 h6 11. Bf4 Nd5 12. Bg3 Be7 13. Qe2 Bg6 14. Bh4 Bh5 15. Bxe7 Qxe7 16. Ne4 O-O 17. c4 Nf4 18. Qe3 Bxf3 19. Qxf3 Ng6 20. Qg3 Rad8 21. f4 b6 22. Nd6 Kh7 23. Qf3 f6 24. Qe4 fxe5 25. fxe5 Qh4 26. Qxh4 Nxh4 27. Rxf8 Rxf8 28. Rf1 Kg8 29. Rxf8+ Kxf8 30. Kf2 Ng6 31. Ke3 Nxe5 32. d4 cxd4+ 33. Kxd4 Nd7 34. Nc8 a6 35. c5 bxc5+ 36. Kc4 e5 37. Na7 Ke7 38. Nxc6+ Kd6 39. Na5 Nb6+ 40. Kd3 Kd5 41. b3 h5 42. g3 Nc8 43. Nc4 Nd6 44. Nb6+ Kc6 45. Na4 g6 46. Nc3 Nb5 47. Ne4 Nc7 48. Kc4 Nd5 49. a3 Ne3+ 50. Kd3 Nf5 51. g4 hxg4 52. hxg4 Nd4 53. Kc4 Nb5 54. Nf6 Nxa3+ 55. Kd3 Nb5 56. Ke4 Nd4 57. Kxe5 Nxb3 58. Nd5 a5 59. Nc3 Nd4 60. Kf6 Nb5 61. Na2 Kd5 62. Kxg6 Ke5 63. g5 a4 64. Kf7 a3 65. g6 Nd6+ 66. Ke7 Nf5+ 67. Kf7 Nh4 68. g7 Nf5 69. Nc3 Kf4 70. Ke6 Nxg7+ 71. Kd5 Ke3 72. Kxc5 Kd3 73. Kb4 Kc2 74. Kxa3 Kxc3 1/2-1/2

[Event "22nd Trieste Masters Open 2020"]
[Site "Trieste"]
[Date "2020.09.04"]
[Round "8.5"]
[White "Podetti, Davide"]
[Black "Maerevoet, Sim"]
[Result "0-1"]
[ECO "B45"]
[WhiteElo "2173"]
[BlackElo "2379"]
[Annotator "RC"]
[PlyCount "64"]
[EventDate "2020.08.31"]
[EventType "swiss"]
[EventCountry "ITA"]
[SourceTitle "playchess.com"]
[Source "ChessBase"]
[SourceQuality "1"]
[TimeControl "5400+30"]

1. e4 c5 2. Nf3 e6 3. d4 cxd4 4. Nxd4 Nf6 5. Nc3 Nc6 6. Be2 Bb4 7. Nxc6 bxc6 8. Qd3 O-O 9. Bd2 d5 10. e5 Nd7 11. f4 Nc5 12. Qd4 Qb6 13. a3 Bxc3 14. Bxc3 Ne4 15. Qxb6 axb6 16. Bd4 c5 17. Be3 d4 18. Bf3 dxe3 19. Bxe4 Ra4 20. Bf3 Rxf4 21. O-O-O Rf5 22. Rd6 Rxe5 23. Rxb6 g5 24. a4 f5 25. h3 Kg7 26. b3 h5 27. Bxh5 g4 28. hxg4 e2 29. Re1 Kh6 30. Be8 Rxe8 31. gxf5 Kg5 32. fxe6 Bxe6 0-1